Map: Ice and Chrome LE

Players

Slaight

  • Race: Protoss Protoss
  • League: Platinum
  • Spawn Location: 1:00

VOD

Have the link to the VOD?

Description

Time

  • Played on: Aug. 23, 2020, 6:11 a.m.
  • Length: 3:01
Show
View Real Time Build Order
Export as new Build Order

Slaight Protoss 

Build Orders:  

Get SALT Encoding   

  12  0:04  Probe (Chrono Boost)  
  14  0:21  Probe (Chrono Boost)  
  14  0:28  Pylon  
  14  0:37  Assimilator  
  14  0:43  Probe (Chrono Boost)  
  15  0:59  Probe (Chrono Boost)  
  16  1:06  Gateway  
  16  1:10  Probe (Chrono Boost)  
  17  1:25  Probe (Chrono Boost)  
  19  1:41  Probe (Chrono Boost)  
  19  2:00  Nexus  
  19  2:08  Probe (Chrono Boost)  
  20  2:24  Cybernetics Core  
  20  2:33  Assimilator  
  20  2:37  Pylon  
  20  2:43  Probe (Chrono Boost)  
Tags
 
Add a new tag
Caveats
  • Supply blocks, unpowered buildings, or Contaminate may cause inaccurate times.
  • Supply counts are checked every 10 seconds.